 Dungeon Crawl Stone Soup version 0.28-a0-1206-g193881aaa2 (webtiles) character file.

Game seed: 15395214621667668031

102564 freelancePsychic the Warrior (level 16, -3/126 HPs)
             Began as a Djinni Warper on Dec 21, 2021.
             Was the Champion of Makhleb.
             Slain by a ghoul (17 damage)
             ... on level 15 of the Dungeon.
             The game lasted 01:13:58 (26534 turns).

freelancePsychic the Warrior (Djinni Warper)       Turns: 26534, Time: 01:13:58

Health: -3/126     AC: 11    Str: 13    XL:     16   Next: 86%
Gold:   1762       EV: 16    Int: 22    God:    Makhleb [******] SH:  5 Dex: 14

rFire   + . .      SeeInvis .   a - staff of air
rCold   . . .      Faith    .   K - +0 buckler
rNeg    + . .      Spirit   .   T - +1 troll leather armour
rPois   ∞          Reflect  .   f - +2 helmet
rElec   +          Harm     .   y - +2 cloak
rCorr   .          Rampage  .   (no gloves)
Will    ++...                   (boots unavailable)
Stlth   +.........              q - amulet of regeneration
HPRegen 1.91/turn               t - ring of Fatiaruc {rPois rN+ Will+ Str+3}
MPRegen 0.00/turn               C - ring of ice

@: flying
A: sickness immunity, fire resistance 2, cold vulnerability 1, float, innate
caster, hp casting, extra vitality 1
a: Renounce Religion, Minor Destruction, Lesser Servant of Makhleb, Major
Destruction, Greater Servant of Makhleb


You were on level 15 of the Dungeon.
You worshipped Makhleb.
Makhleb was exalted by your worship.
You visited 5 branches of the dungeon, and saw 25 of its levels.

You collected 1949 gold pieces.
You spent 187 gold pieces at shops.

Inventory:

Hand Weapons
 e - a +0 dagger
 m - a +0 vampiric whip
 D - a +0 great sword of flaming
 U - a +0 short sword
Missiles
 l - 18 boomerangs
 F - 3 silver boomerangs
Armour
 c - a +1 leather armour of cold resistance
 f - a +2 helmet (worn)
 y - a +2 cloak (worn)
 B - a +0 cloak
 K - a +0 buckler (worn)
 P - a +1 hat of willpower
 T - a +1 troll leather armour (worn)
 V - a +1 buckler of poison resistance
Magical Staves
 a - a staff of air (weapon)
 p - a staff of fire
Jewellery
 q - an amulet of regeneration (around neck)
 t - the ring of Fatiaruc (left hand) {rPois rN+ Will+ Str+3}
   (You found it on level 5 of the Dungeon)

   [ring of willpower]

   Str:       It affects your strength (+3).
   rPois:     It protects you from poison.
   rN:        It protects you from negative energy.
   Will:      It increases your willpower.
 C - a ring of ice (right hand)
 G - a +4 ring of protection
 O - a +6 ring of dexterity
Wands
 b - a wand of paralysis (23)
 k - a wand of acid (16)
 o - a wand of charming (8)
 J - a wand of iceblast (17)
 W - a wand of polymorph (3)
Scrolls
 g - 3 scrolls of enchant weapon
 j - a scroll of summoning
 w - a scroll of amnesia
 E - 2 scrolls of magic mapping
 L - 3 scrolls of identify {@r1}
 M - 3 scrolls of fog
 N - a scroll of silence
 R - a scroll of teleportation {@r4}
 S - a scroll of holy word
Potions
 d - 2 potions of lignification
 h - 3 potions of haste {@q3}
 i - 4 potions of flight
 n - a potion of resistance
 r - 3 potions of mutation
 s - a potion of cancellation {unknown}
 u - 5 potions of degeneration {unknown}
 v - 2 potions of curing {@q1}
 x - 3 potions of attraction {unknown}
 z - 3 potions of heal wounds {unknown}
 A - 3 potions of berserk rage
 H - 4 potions of brilliance {unknown}
 I - 3 potions of ambrosia {unknown}
 Q - 2 potions of might {unknown}


   Skills:
 + Level 15.1 Fighting
 - Level 1.7 Short Blades
 - Level 0.7 Throwing
 - Level 1.0 Armour
 - Level 11.0 Dodging
 - Level 4.0 Shields
 * Level 11.9 Unarmed Combat
 + Level 15.0 Spellcasting
 - Level 3.0 Invocations


You had 5 spell levels left.
You knew the following spells:

 Your Spells              Type           Power      Damage    Failure   Level
a - Conjure Ball Lightni  Conj/Air       44%        3x3d15    1%          6
b - Poisonous Vapours     Pois/Air       100%       N/A       0%          2
c - Hailstorm             Conj/Ice       89%        3d18      1%          4
d - Freezing Cloud        Conj/Ice/Air   55%        6-21      1%          5
e - Manifold Assault      Tloc           70%        N/A       1%          5
f - Blink                 Tloc           100%       N/A       0%          2
g - Lesser Beckoning      Tloc           70%        N/A       1%          3
h - Call Imp              Summ           70%        N/A       0%          2
i - Gell's Gravitas       Tloc           70%        N/A       1%          3
j - Sting                 Tmut/Pois      100%       1d8       0%          1
k - Teleport Other        Tloc           70%        N/A       1%          3
l - Fulminant Prism       Conj/Hex       35%        3d18      1%          4
Your spell library was empty.

Dungeon Overview and Level Annotations

Branches:
Dungeon (15/15)            Temple (1/1) D:4            Lair (6/6) D:8
  Swamp (0/4) Lair:3        Snake (0/4) Lair:3        Slime (0/5) Lair:6
    Orc (2/2) D:9             Elf (1/3) Orc:2        Vaults (0/5) D:14
 Depths: D:15

Altars:
Ashenzari
Cheibriados
Dithmenos
Elyvilon
Fedhas
Gozag
Hepliaklqana
Kikubaaqudgha
Makhleb
Nemelex Xobeh
Okawaru
Qazlal
Ru
Sif Muna
Trog
Uskayaw
Vehumet
Wu Jian
Xom
Yredelemnul
Zin
The Shining One
Beogh

Shops:
D:14 (   Orc:2 (=[*

Portals:
Trove: D:10 (give 19 potions of curing)

Annotations:
D:6 Maggie
Lair:2 2 transporters
Lair:4 1 transporter, atabob's ghost, journeyman DsGl
Lair:6 exclusion: oklob plant


Innate Abilities, Weirdness & Mutations

You are immune to sickness and miasma.
You are immune to poison.
Your flesh is very heat resistant. (rF++)
You are vulnerable to cold. (rC-)
You float through the air rather than walking.
You learn spells naturally, not from books.
Your magical power is your life essence.
You have superior vitality. (+4 HP)


Message History

The blast of lightning engulfs the ghoul!!
The ghoul is moderately damaged.
The blast of lightning engulfs your ball lightning.
Your ball lightning completely resists.
The blast of lightning engulfs you. You resist.
Your ball lightning explodes!
The blast of lightning engulfs the ghoul!!
The ghoul is moderately damaged.
The blast of lightning engulfs you. You resist. The ghoul claws you!
You block the ghoul's attack. The ghoul closely misses you.
The ghoul claws you!
Casting: Conjure Ball Lightning (dangerous; 1% risk of failure)
Confirm with . or Enter, or press ? or * to list all spells.
You feel a surge of power!
You create some ball lightning! 3 ball lightnings come into view.
The ghoul barely misses you. The ghoul claws you but does no damage.
Your ball lightning explodes!
The blast of lightning engulfs your ball lightning.
Your ball lightning completely resists.
The blast of lightning engulfs you! You resist.
The blast of lightning engulfs the ghoul!!
The ghoul is heavily damaged.
Your ball lightning explodes!
The blast of lightning engulfs your ball lightning.
Your ball lightning completely resists.
The blast of lightning engulfs you. You resist.
The blast of lightning engulfs the ghoul!!
The ghoul is severely damaged.
You block the ghoul's attack. The ghoul claws you!
* * * LOW HITPOINT WARNING * * *
Your ball lightning explodes!
The blast of lightning engulfs you! You resist.
* * * LOW HITPOINT WARNING * * *
The blast of lightning engulfs the ghoul!!
The ghoul is almost destroyed.
The ghoul claws you!
* * * LOW HITPOINT WARNING * * *
You block the ghoul's attack. The ghoul claws you but does no damage.
The ghoul claws you!
You die...

# ##### ##### ##### #.... #...#
#...# #.###
#...########..@############.###
#...#........n.................
#...#.#....#...######.#####.###
#...#.#..!.#..#.# #.# #
###...#.######..#... #.# #
................#.###########.###
#######Z............(............
#..........#....######...##..##
#.###.####.#..## #...##..#.


You could see a ghoul.

Vanquished Creatures
  Gastronok (Lair:3)
  Kirke (D:14)
  An orc warlord (Orc:2)
  A ghoul (D:15)
  A dire elephant (D:15)
  11 hydras
  A rakshasa (D:13)
  5 centaur warriors
  A vault guard (D:14)
  3 boulder beetles
  A two-headed ogre (D:11)
  4 catoblepae (Lair:6)
  3 tengu warriors
  4 orc high priests (Orc:2)
  9 death yaks
  Nergalle (Lair:3)
  8 skeletal warriors
  A lindwurm (Lair:5)
  4 orc knights
  28 ugly things
  A deep elf zephyrmancer (Elf:1)
  A wolf spider (D:15)
  4 deep elf pyromancers
  5 orc sorcerers
  3 cyclopes
  5 manticores
  Joseph (D:7)
  A salamander (D:15)
  10 elephants
  A gargoyle (D:12)
  A torpor snail (Lair:6)
  7 black mambas
  3 rime drakes
  13 cane toads
  A guardian mummy (D:15)
  7 komodo dragons
  A tengu conjurer (D:14)
  A freezing wraith (D:14)
  3 meliai (D:14)
  8 trolls
  A hornet (D:8)
  5 blink frogs
  Prince Ribbit (D:6)
  7 slime creatures
  6 dream sheep (Lair:5)
  A centaur simulacrum (D:14)
  A shadow (D:11)
  A wyvern (D:9)
  78 yaks
  A vampire (D:13)
  3 hogs (D:14)
  Grum (D:9)
  A basilisk (Lair:1)
  2 steam dragons
  7 vampire mosquitoes
  2 wargs (Orc:1)
  2 nagas (Lair:3)
  Edmund (D:5)
  An acid dragon (D:9)
  15 water moccasins
  33 orc warriors
  An ice beast (D:8)
  6 ogres
  A sky beast (D:7)
  2 black bears
  4 centaurs
  22 wolves
  18 bullfrogs
  A gnoll sergeant (D:9)
  2 scorpions (D:4)
  15 killer bees
  7 howler monkeys
  4 centaur zombies
  3 hounds
  11 jellies
  23 orc priests
  Crazy Yiuf (D:7)
  3 iguanas
  28 orc wizards
  Terence (D:2)
  A killer bee zombie (D:7)
  3 mummies
  2 howler monkey zombies
  Robin (D:1)
  8 gnolls
  3 adders
  A shadow imp (D:7)
  A white imp (D:5)
  2 worms
  2 dart slugs
  80 orcs
  15 endoplasms
  2 giant cockroaches
  9 goblins
  5 hobgoblins
  5 jackals
  2 kobolds
  3 quokkas
  5 ball pythons
  10 bats
  A frilled lizard (D:1)
  7 rats
  2 bushes (Lair:6)
659 creatures vanquished.

Vanquished Creatures (collateral kills)
  Rupert (Lair:4)
  An orc (D:7)
  6 ball lightnings
8 creatures vanquished.

Vanquished Creatures (others)
  187 ball lightnings
  72 fulminant prisms
  47 fungi
  36 plants
  2 withered plants (D:15)
344 creatures vanquished.

Grand Total: 1011 creatures vanquished

Notes
Turn   | Place    | Note
-------+----------+-------------------------------------------
     0 | D:1      | freelancePsychic the Djinni Warper began the quest for the
                  | Orb.
     0 | D:1      | Reached XP level 1. HP: 18/18 MP: 0/0
   211 | D:1      | Reached XP level 2. HP: 16/23 MP: 0/0
  1351 | D:1      | Reached XP level 3. HP: 18/29 MP: 0/0
  1351 | D:1      | Learned a level 1 spell: Sting
  2076 | D:2      | Noticed Robin
  2753 | D:1      | Killed Robin
  2754 | D:1      | Reached XP level 4. HP: 15/34 MP: 0/0
  3241 | D:2      | Noticed Terence
  3253 | D:2      | Killed Terence
  3802 | D:3      | Reached XP level 5. HP: 32/40 MP: 0/0
  3802 | D:3      | Learned a level 2 spell: Poisonous Vapours
  4818 | D:3      | Reached XP level 6. HP: 45/46 MP: 0/0
  5111 | D:4      | Found a staircase to the Ecumenical Temple.
  5118 | Temple   | Entered the Ecumenical Temple
  5323 | Temple   | Became a worshipper of Makhleb the Destroyer
  5739 | D:4      | Noticed a black bear
  5751 | D:4      | Killed a black bear
  5752 | D:4      | Reached skill level 5 in Spellcasting
  5752 | D:4      | Reached XP level 7. HP: 32/53 MP: 0/0
  5752 | D:4      | Learned a level 2 spell: Call Imp
  6008 | D:5      | Entered Level 5 of the Dungeon
  6017 | D:5      | Identified the ring of Fatiaruc {rPois rN+ Will+ Str+3}
  6565 | D:5      | Found a broken altar of Ashenzari.
  6631 | D:5      | Found a glowing golden altar of the Shining One.
  6656 | D:5      | Noticed Edmund
  6689 | D:5      | Killed Edmund
  7048 | D:5      | Reached skill level 5 in Fighting
  7048 | D:5      | Reached XP level 8. HP: 51/59 MP: 0/0
  7444 | D:6      | Noticed Maggie
  8209 | D:6      | Noticed Prince Ribbit
  8645 | D:6      | Killed Prince Ribbit
  9237 | D:7      | Reached XP level 9. HP: 58/66 MP: 0/0
  9237 | D:7      | Learned a level 4 spell: Hailstorm
  9554 | D:7      | Noticed Joseph
  9587 | D:7      | Killed Joseph
  9588 | D:7      | Reached skill level 5 in Dodging
  9942 | D:7      | Found a runed translucent door.
  9943 | D:7      | Noticed Crazy Yiuf
  9979 | D:7      | Found a snail-covered altar of Cheibriados.
 10480 | D:7      | Killed Crazy Yiuf
 10633 | D:8      | Noticed a hornet
 10638 | D:8      | Killed a hornet
 10639 | D:8      | Reached XP level 10. HP: 72/75 MP: 0/0
 10670 | D:8      | Reached * piety under Makhleb
 10725 | D:8      | Found a staircase to the Lair.
 11006 | D:9      | Noticed Grum
 11382 | D:9      | Killed Grum
 11671 | D:9      | Reached ** piety under Makhleb
 11972 | D:9      | Found a staircase to the Orcish Mines.
 12463 | D:10     | Entered Level 10 of the Dungeon
 12500 | D:10     | Noticed a six-headed hydra
 12524 | D:10     | Found a portal to a secret trove of treasure.
 12646 | D:10     | Reached XP level 11. HP: 80/82 MP: 0/0
 12646 | D:10     | Learned a level 4 spell: Fulminant Prism
 13219 | Lair:1   | Entered Level 1 of the Lair of Beasts
 13230 | Lair:1   | Reached *** piety under Makhleb
 13482 | Lair:1   | Reached skill level 10 in Spellcasting
 14342 | Lair:2   | Reached XP level 12. HP: 59/91 MP: 0/0
 14575 | Lair:2   | Reached skill level 10 in Fighting
 14680 | Lair:2   | Reached **** piety under Makhleb
 14791 | Lair:2   | Found a transporter.
 14792 | Lair:2   | Found a transporter.
 14792 | Lair:2   | Noticed a boulder beetle
 15068 | Lair:3   | Noticed a seven-headed hydra
 15075 | Lair:3   | Reached skill level 10 in Dodging
 15077 | Lair:3   | Killed a seven-headed hydra
 15283 | Lair:3   | Found a staircase to the Swamp.
 15405 | Lair:3   | Reached XP level 13. HP: 85/98 MP: 0/0
 15405 | Lair:3   | Learned a level 5 spell: Freezing Cloud
 15412 | Lair:3   | Noticed Nergalle
 15502 | Lair:3   | Found a staircase to the Snake Pit.
 15561 | Lair:3   | Noticed Gastronok
 15577 | Lair:3   | Killed Gastronok
 15676 | Lair:3   | Killed Nergalle
 15954 | Lair:4   | Noticed a six-headed hydra
 15961 | Lair:4   | Killed a six-headed hydra
 15962 | Lair:4   | Reached skill level 1 in Invocations
 16217 | Lair:4   | Noticed Rupert
 16231 | Lair:4   | Found a transporter.
 16231 | Lair:4   | Killed Rupert
 16246 | Lair:4   | Noticed atabob's ghost (journeyman DsGl)
 16246 | Lair:4   | Noticed a great orb of eyes
 16274 | Lair:4   | Reached skill level 1 in Shields
 16628 | Lair:4   | Found a transporter.
 17067 | Lair:4   | HP: 4/100 [white ugly thing (22)]
 17239 | Lair:5   | Noticed an eight-headed hydra
 17246 | Lair:5   | Killed an eight-headed hydra
 17260 | Lair:5   | Reached ***** piety under Makhleb
 17399 | Lair:5   | Reached XP level 14. HP: 103/107 MP: 0/0
 18074 | Lair:6   | Entered Level 6 of the Lair of Beasts
 18394 | Lair:6   | Reached skill level 1 in Unarmed Combat
 18639 | Lair:6   | Found a staircase to the Slime Pits.
 19430 | Lair:6   | Reached skill level 5 in Unarmed Combat
 20044 | D:11     | Reached XP level 15. HP: 115/115 MP: 0/0
 20044 | D:11     | Learned a level 6 spell: Conjure Ball Lightning
 21323 | D:12     | Reached ****** piety under Makhleb
 22597 | Orc:1    | Entered Level 1 of the Orcish Mines
 22597 | Orc:1    | You are sucked into a shaft and drop 1 floor!
 22597 | Orc:2    | Entered Level 2 of the Orcish Mines
 22597 | Orc:2    | Noticed an orc warlord
 22601 | Orc:2    | Found Fesiwnoq's General Store.
 22601 | Orc:2    | Found Bakkuesh's Jewellery Shoppe.
 22763 | Orc:2    | Found a staircase to the Elven Halls.
 23209 | Orc:2    | Killed an orc warlord
 23393 | Orc:2    | Found Zufaevyfemp's Antique Armour Shoppe.
 23393 | Orc:2    | Found Osifush's Antique Weapon Emporium.
 23411 | Orc:2    | Bought a glowing buckler for 187 gold pieces
 23670 | Elf:1    | Entered Level 1 of the Elven Halls
 24622 | D:13     | Reached XP level 16. HP: 97/124 MP: 0/0
 25087 | D:14     | Found Baep's Antique Weapon Emporium.
 25171 | D:14     | Reached skill level 10 in Unarmed Combat
 25195 | D:14     | Found a gate to the Vaults.
 25231 | D:14     | Noticed Kirke
 25238 | D:14     | Killed Kirke
 25880 | D:15     | Entered Level 15 of the Dungeon
 26072 | D:15     | Reached skill level 15 in Fighting
 26302 | D:15     | Reached skill level 15 in Spellcasting
 26534 | D:15     | Slain by a ghoul

Illustrated notes

Levels and vault maps discovered:
D:1:      minmay_arrival_cross, layout_basic, roderic_roman_lattice, st_stairs_5
D:2:      layout_loops_ring, grunt_decor_junction, minmay_tromino_v7,
          uniq_robin, uniq_terence
D:3:      layout_rooms
D:4:      layout_basic, minmay_temple_entry_tees
D:5:      layout_cave_pools, kennysheep_mini, tso_metal_star, uniq_edmund
D:6:      layout_loops_ring, led_sif_book, nicolae_underground_beach,
          uniq_maggie, uniq_prince_ribbit1
D:7:      layout_rooms, chei_slow_surprise, kennysheep_opposing_triangles,
          uniq_joseph, uniq_crazy_yiuf_cottage
D:8:      layout_cave_pools, lair_entry_dummy
D:9:      layout_basic, david_orc_5, uniq_grum
D:10:     layout_roguey, enter_trove_1
D:11:     layout_stronghold, minmay_statues_item
D:12:     layout_gridville, minivault_10
D:13:     layout_long_grid
D:14:     layout_loops_ring, david_vaults_5, serial_shops, shop,
          chequers_mini_garden, uniq_kirke
D:15:     hangedman_depths_entry_try_elsewhere_first, layout_basic,
          serial_undead, serial_undead_a, serial_undead_e, serial_undead_c,
          serial_undead_e, chequers_arboretum, minmay_misc_feat_square
Temple:   eino_narrow_crystal_temple
Lair:1:   layout_regular_city
Lair:2:   gammafunk_boulding_lane, layout_hall_layers, serial_rivers,
          chequers_serial_rivers_small_b, chequers_serial_rivers_room_a,
          chequers_serial_rivers_room_b, chequers_serial_rivers_micro_e,
          grunt_megastairs_5
Lair:3:   lemuel_slime, layout_big_grid, minmay_swamp_entry_reptiles,
          minmay_snake_entry_guardpost_small, uniq_nergalle, uniq_gastronok
Lair:4:   layout_hall_layers, gammafunk_ghost_abyssal_escape,
          grunt_megastairs_3, serial_bayou_shore_b, uniq_rupert
Lair:5:   layout_small_grid, grunt_megastairs_4
Lair:6:   evilmike_catoblepas_cave, layout_misc_corridors,
          minmay_slime_entry_pillars, minmay_lair_oklob_bushes
Orc:1:    layout_caves, basic_altar
Orc:2:    st_orc_congregation, layout_diamond_mine, basic_altar
Elf:1:    eino_elf_arrival_sip, layout_loops_ring, serial_shops, shop,
          minmay_elf_necromancy, minmay_the_grid_2x2 [minmay_the_grid_mess,
          minmay_the_grid_outer_circle, minmay_the_grid_minigrid_small,
          minmay_the_grid_prize_trominoes]

Skill      XL: |  1  2  3  4  5  6  7  8  9 10 11 12 13 14 15 16 |
---------------+-------------------------------------------------+-----
Spellcasting   | 3 4 5 6 8 9 10 11 13 14 15 | 15.0
Fighting       | 3 4 5 6 7 8 9 10 12 13 14 15 | 15.1
Dodging        | 4 5 7 9 10 11 | 11.0
Invocations    | 3 |  3.0
Shields        | 3 4 |  4.0
Unarmed Combat | 5 9 11 | 11.9
Short Blades   | |  1.7
Throwing       | |  0.7
Armour         | |  1.0

Action                   |  1- 3 |  4- 6 |  7- 9 | 10-12 | 13-15 | 16-18 || total
-------------------------+-------+-------+-------+-------+-------+-------++-------
Melee: Short sword       |    37 |       |       |       |       |       ||    37
       Dagger            |    55 |    19 |       |       |       |       ||    74
       Whip              |       |    52 |   130 |   130 |    63 |       ||   375
       Unarmed           |       |       |       |       |   293 |       ||   293
Throw: Boomerang         |     5 |       |     6 |       |       |       ||    11
 Cast: Sting             |    38 |    35 |       |     1 |       |       ||    74
       Poisonous Vapours |       |    59 |    93 |    84 |    27 |       ||   263
       Teleport Other    |       |       |    16 |     2 |       |       ||    18
       Call Imp          |       |       |    11 |       |       |       ||    11
       Hailstorm         |       |       |    10 |    94 |     3 |       ||   107
       Fulminant Prism   |       |       |       |    67 |     5 |       ||    72
       Freezing Cloud    |       |       |       |       |   262 |    10 ||   272
       Manifold Assault  |       |       |       |       |   117 |       ||   117
       Conjure Ball Ligh |       |       |       |       |    24 |    58 ||    82
Invok: Lesser Servant of |       |       |       |       |     1 |       ||     1
  Use: Scroll            |       |     3 |     7 |     6 |    16 |     1 ||    33
       Potion            |       |       |     3 |       |     1 |       ||     4
Armor: Leather armour    |    53 |    32 |    69 |    97 |    45 |       ||   296
       Troll leather arm |       |       |       |       |    27 |    11 ||    38
Dodge: Dodged            |    80 |    56 |   113 |   237 |   145 |    13 ||   644
Block: Other             |       |     6 |    23 |       |       |       ||    29
       Reflection        |       |       |     2 |       |       |       ||     2
       Buckler           |       |       |       |       |    38 |     6 ||    44

Table legend: (Time is in decaauts)
 A = Elapsed time spent in this place.
 B = Non-inter-level travel time spent in this place.
 C = Inter-level travel time spent in this place.
 D = Time resting spent in this place.
 E = Time spent auto-exploring this place.
 F = Levels seen in this place.
 G = Mean time per level.
                   A        B        C        D        E       F      G
               +--------+--------+--------+--------+--------+-----+--------+
         Total |  26583 |  24733 |   1850 |   2416 |  17630 |  25 | 1063.3 |
       Dungeon |  18328 |  17163 |   1165 |   2312 |  12097 |  15 | 1221.9 |
        Temple |    220 |    186 |     34 |      0 |    167 |   1 |  220.0 |
          Lair |   6468 |   5867 |    601 |    102 |   4448 |   6 | 1078.0 |
  Orcish Mines |   1548 |   1500 |     48 |      2 |    914 |   2 |  774.0 |
   Elven Halls |     18 |     18 |      0 |      0 |      4 |   1 |   18.0 |
               +--------+--------+--------+--------+--------+-----+--------+

Top non-repeatable levels by time:
     D:1: 2845 daAuts
     D:6: 1633 daAuts
     D:7: 1576 daAuts
     D:9: 1353 daAuts
  Lair:6: 1340 daAuts
  Lair:4: 1318 daAuts
     D:3: 1241 daAuts
    D:11: 1207 daAuts
     D:5: 1195 daAuts
    D:14: 1184 daAuts
     D:4: 1119 daAuts
   Orc:2: 1073 daAuts
    D:12: 1044 daAuts
  Lair:1: 1003 daAuts
  Lair:5: 945 daAuts
